 Dungeon Crawl Stone Soup version 0.18.1-8-gdd0e5ea (webtiles) character file.

43 epen the Changer (level 3, 0/18 HPs)
             Began as a Spriggan Transmuter on May 21, 2016.
             Killed from afar by a dart slug (7 damage)
             ... with a slug dart
             ... on level 2 of the Dungeon.
             The game lasted 00:01:58 (1542 turns).

epen the Changer (Spriggan Transmuter)              Turns: 1542, Time: 00:01:58

Health: 0/18       AC:  2    Str:  6    XL:     3   Next: 37%
Magic:  5/8        EV: 18    Int: 15    God:
Gold:   91         SH:  0    Dex: 16    Spells: 3 memorised, 2 levels left

rFire  . . .     SeeInvis +       - Unarmed
rCold  . . .     Gourm    .     b - +0 robe
rNeg   . . .     Faith    .     (shield restricted)
rPois  .         Spirit   .     (helmet restricted)
rElec  .         Dismiss  .     (no cloak)
rCorr  .         Reflect  .     (gloves unavailable)
SustAt .         Harm     .     (boots unavailable)
MR     .....                    (no amulet)
Stlth  +.........               (no ring)
                                (no ring)

@: very quick, not resistant to hostile enchantments, very unstealthy
A: unfitting armour, see invisible, herbivore 3, speed 3, slow metabolism 2
a: no special abilities


You were on level 2 of the Dungeon.
You were not hungry.

You visited 1 branch of the dungeon, and saw 2 of its levels.

You collected 91 gold pieces.

Inventory:

Missiles
 a - 12 arrows
Armour
 b - a +0 robe (worn)
Scrolls
 f - 2 scrolls of teleportation {unknown}
 h - 4 scrolls of identify {unknown}
 i - a scroll of random uselessness {unknown}
 k - a scroll of blinking {unknown}
 l - a scroll of amnesia {unknown}
Potions
 e - a potion of heal wounds {unknown}
 g - 2 potions of curing {unknown}
 j - a potion of resistance {unknown}
Books
 c - a book of Changes

   Spells                             Type                      Level
   a - Beastly Appendage              Transmutation                1
   b - Sticks to Snakes               Transmutation                2
   c - Spider Form                    Transmutation/Poison         3
   d - Ice Form                       Ice/Transmutation            4
   e - Blade Hands                    Transmutation                5
Comestibles
 d - 3 bread rations


   Skills:
 + Level 1.0 Fighting
 + Level 3.4 Dodging
 * Level 2.8 Unarmed Combat
 + Level 3.1 Spellcasting
 * Level 3.6 Transmutations


You had 2 spell levels left.
You knew the following spells:

 Your Spells              Type           Power        Failure   Level  Hunger
a - Beastly Appendage     Trmt           ##....       6%          1    #......
b - Sticks to Snakes      Trmt           ##......     10%         2    ##.....
c - Spider Form           Trmt/Pois      #.........   30%         3    ###....


Dungeon Overview and Level Annotations

Branches:
Dungeon (2/15)

Altars:


Innate Abilities, Weirdness & Mutations

You are tiny and cannot use many weapons and most armour.
You have supernaturally acute eyesight.
You are a herbivore.
You cover ground extremely quickly.
You need consume almost no food.


Message History

You see here a whip.
Found 14 poisoned needles.
The dart slug barely misses you.
You hit the dart slug.
The dart slug is poisoned.
The dart slug is lightly wounded.
Your transformation has ended.
Your +0 robe unmelds from your body.
The dart slug launches a dart at you. The slug dart hits you!
You hit the dart slug.
The dart slug is almost dead.
You kill the dart slug!
The dart slug launches a dart at you. The slug dart hits you!
The dart slug misses you.
You see here a hunting sling.
You hit the dart slug but do no damage. The dart slug launches a dart at you.
The slug dart hits you!
You die...

#.....###...
###.#.#.#...## ..#
#............## #..#
#.#.#.#......># #..#
#.#............ ...###
#.##.#........# #....
#.#.###......####..###
.....#.........w.....#
#.#.#<####.#.###@....#
..#.#.## #.#.........#
.#.....#
#.#####.....#######
...#...###.#
#..(.........
##.........##
#####.######
###.#.###...# #)#
###...# #.#.# #.#
.##.#.# #.#.# #.#
#.....###.#.########.#


You could see a dart slug.

Vanquished Creatures
  An adder (D:2)
  A worm (D:2)
  2 dart slugs
  A goblin (D:1)
  6 hobgoblins
  5 kobolds
  A ball python (D:1)
  5 bats (D:1)
  4 giant newts (D:1)
  4 rats
30 creatures vanquished.

Notes
Turn   | Place    | Note
--------------------------------------------------------------
     0 | D:1      | epen the Spriggan Transmuter began the quest for the Orb.
     0 | D:1      | Reached XP level 1. HP: 9/9 MP: 5/5
   405 | D:1      | Reached skill level 1 in Fighting
   405 | D:1      | Reached XP level 2. HP: 14/14 MP: 6/6
   409 | D:1      | Learned a level 2 spell: Sticks to Snakes
  1433 | D:2      | Reached XP level 3. HP: 15/18 MP: 8/8
  1438 | D:2      | Learned a level 3 spell: Spider Form
  1542 | D:2      | Killed from afar by a dart slug

Skill      XL: |  1  2 |
---------------+-------+-----
Transmutations | 3 |  3.6
Fighting       | 1 |  1.0
Spellcasting   | 3 |  3.1
Dodging        | |  3.4
Unarmed Combat | |  2.8

Action                   || total
-------------------------++-------
Melee: Unarmed           ||   113
       Headbutt          ||     3
 Cast: Beastly Appendage ||     3
       Spider Form       ||     2
 Stab: Sleeping          ||     4
Armor: Robe              ||    11
Dodge: Dodged            ||    94
